[Event "*** Titled Tuesday Blitz"]
[Site "Chess.com"]
[Date "2020.11.10"]
[Round "1"]
[White "lilleper1"]
[Black "MartinMatthiesen"]
[Result "1-0"]
[WhiteElo "2837"]
[BlackElo "2411"]
[TimeControl "180+1"]
[EndTime "10:06:30 PST"]
[Termination "lilleper1 won by resignation"]

1. d4 Nf6 2. c4 e6 3. Nf3 d5 4. g3 Be7 5. Bg2 O-O 6. Qc2 c5 7. cxd5 cxd4 8. Nxd4 Nxd5 9. O-O Bf6 10. Rd1 Qb6 11.
Nb3 Nc6 12. Nc3 Ncb4 13. Qd2 Nxc3 14. bxc3 Rd8 15. Nd4 Nc6 16. Qe1 Nxd4 17. cxd4 Bxd4 18. Bg5 f6 19. Rab1 Qc7 20. Rbc1 Qb6 21. Bd2 Qa6 22. Ba5 Rd6 23. Bb4 Rd8 24. Bc5 e5 25. e3 Bg4 26.
exd4 Bxd1 27. Qxd1 exd4 28. Qb3+ Kh8 29. Bxb7 1-0

[Event "*** Titled Tuesday Blitz"]
[Site "Chess.com"]
[Date "2020.11.10"]
[Round "1"]
[White "Firegrizzly"]
[Black "Blitzking642"]
[Result "1-0"]
[WhiteElo "2591"]
[BlackElo "2270"]
[TimeControl "180+1"]
[EndTime "10:06:30 PST"]
[Termination "Firegrizzly won on time"]

1. d4 Nf6 2. Nf3 e6 3. Bg5 b6 4. Nbd2 Bb7 5. e4 h6 6. Bxf6 Qxf6 7. c3 d6 8. g3 Nd7 9. Bg2 e5 10.
O-O g6 11. a4 a6 12. a5 b5 13. d5 Bg7 14. c4 c6 15. b4 cxd5 16. cxd5 O-O 17. Rc1 Rfc8 18. Qe2 Qd8 19. Qe3 Rxc1 20. Rxc1 Rc8 21. Rxc8 Qxc8 22. Qa7 Qa8 23. Qxa8+ Bxa8 24. Bh3 f5 25. exf5 Bxd5 26. fxg6 Nb8 27. Bc8 e4 28.
Nh4 Bc3 29. Nf1 Bxb4 30. Nf5 Nc6 31. Bxa6 Be6 32. N1e3 d5 33. Bxb5 Nxa5 34. Nd4 Bc8 35.
Nxd5 Bc5 36. Nc2 Kg7 37. Be8 Nc4 38. h4 h5 39. Nce3 Ne5 40. Nf4 Nxg6 41. Bxg6 Bg4 42. Bxh5 1-0

[Event "*** Titled Tuesday Blitz"]
[Site "Chess.com"]
[Date "2020.11.10"]
[Round "1"]
[White "LittleMyMoomin"]
[Black "Tashik"]
[Result "0-1"]
[WhiteElo "1837"]
[BlackElo "2486"]
[TimeControl "180+1"]
[EndTime "10:06:31 PST"]
[Termination "Tashik won by resignation"]

1. d4 Nf6 2. g3 c5 3. d5 b5 4. a4 b4 5. c4 Bb7 6. Bg2 g6 7.
a5 Bg7 8. Nd2 O-O 9. Nb3 d6 10.
Qc2 e6 11. e4 exd5 12. cxd5 Re8 13. f3 Nxd5 14. Ne2 Nc7 15. O-O Nc6 16. Bf4 Ne6 17. Rad1 Nxf4 18. Nxf4 Nd4 19. Nxd4 Bxd4+ 20. Kh1 Qxa5 21.
h4 Qa2 22. Rd2 Rad8 23. h5 Be3 24. Rd3 Bxf4 25. gxf4 Ba6 26. Rfd1 Bxd3 27. Rxd3 Qe6 28. Kh2 Qf6 29. Qd2 Qh4+ 30. Kg1 Qxh5 31. Rd5 Qh4 32.
Rxd6 Rxd6 33. Qxd6 Rd8 34. Qxc5 Rd1+ 35. Bf1 Qg3+ 36.
Kh1 Rxf1+ 0-1

[Event "*** Titled Tuesday Blitz"]
[Site "Chess.com"]
[Date "2020.11.10"]
[Round "1"]
[White "LamaChampetre"]
[Black "elohunter1999"]
[Result "0-1"]
[WhiteElo "2167"]
[BlackElo "2537"]
[TimeControl "180+1"]
[EndTime "10:06:32 PST"]
[Termination "elohunter1999 won by resignation"]

1. d4 Nf6 2. c4 e5 3. dxe5 Ng4 4. e3 Nxe5 5. Nc3 Bb4 6. f4 Ng6 7. Bd3 Bxc3+ 8. bxc3 O-O 9. Ne2 Nc6 10. O-O d6 11.
Nd4 Bd7 12. Qh5 Re8 13. f5 Nge5 14. f6 Ng6 15. fxg7 Nce5 16. Bf5 Qh4 17. Bxg6 Nxg6 18. Qf3 Ne5 19. Qf4 Qxf4 20. exf4 Nxc4 21. f5 Kxg7 22.
f6+ Kh8 23. Bh6 Re4 24. Bg7+ Kg8 25. Rae1 Rae8 26. Rxe4 Rxe4 27. Nf5 Bxf5 28. Rxf5 Re1+ 29. Kf2 Rf1+ 30. Kxf1 Ne3+ 31. Kf2 Nxf5 32. g4 Nxg7 33. fxg7 Kxg7 0-1

[Event "*** Titled Tuesday Blitz"]
[Site "Chess.com"]
[Date "2020.11.10"]
[Round "1"]
[White "smshk35"]
[Black "vladislavkovalev"]
[Result "0-1"]
[WhiteElo "2425"]
[BlackElo "2854"]
[TimeControl "180+1"]
[EndTime "10:06:34 PST"]
[Termination "vladislavkovalev won by resignation"]

1. e4 e5 2. Nf3 Nc6 3. d4 exd4 4.
Nxd4 Nf6 5. Nxc6 bxc6 6. e5 Qe7 7. Qe2 Nd5 8. c4 Nb6 9. Nd2 g6 10. Ne4 Bg7 11. Bg5 Qb4+ 12. Qd2 Qxd2+ 13. Kxd2 Bxe5 14.
Nf6+ Bxf6 15. Bxf6 O-O 16. Re1 d6 17. Re7 Nd7 18. Bc3 Rd8 19. h4 Kf8 20. Re3 h5 21. g4 Ne5 22. gxh5 gxh5 23. Kc1 Bg4 24. Bg2 Nxc4 25.
Rg3 Ne5 26. f4 Ng6 27. Bxc6 Nxf4 28. Kd2 Rab8 29. Rf1 Rb6 30. Be4 d5 31. Bc2 Ng6 32. Bf6 Rdd6 33. Bd4 Nxh4 34. Bxb6 axb6 35. Rh1 Nf3+ 36.
Ke3 d4+ 37. Kf2 d3 38. Bd1 Ne5 39. Bxg4 Nxg4+ 40. Kf3 d2 41. Rd1 Rd3+ 42. Kg2 Rxg3+ 43. Kxg3 Ne3 0-1

[Event "*** Titled Tuesday Blitz"]
[Site "Chess.com"]
[Date "2020.11.10"]
[Round "1"]
[White "guillembaches"]
[Black "Grandelicious"]
[Result "0-1"]
[WhiteElo "2402"]
[BlackElo "2803"]
[TimeControl "180+1"]
[EndTime "10:06:34 PST"]
[Termination "Grandelicious won on time"]

1. e4 c6 2. d4 d5 3. exd5 cxd5 4. Bd3 Nf6 5. c3 Bg4 6. Qb3 Qc7 7. h3 Bh5 8. Nd2 e6 9. Ngf3 Bd6 10. O-O Nc6 11. Re1 Bg6 12. Be2 h6 13. Nf1 Ne4 14. Be3 O-O 15. N3d2 Rae8 16. Nxe4 dxe4 17. c4 Kh8 18. Rad1 f5 19. d5 exd5 20. cxd5 Ne5 21. Bxa7 f4 22. Bb5 Ra8 23. Bd4 e3 24. fxe3 f3 25. e4 fxg2 26. Kxg2 Nf3 27. Qe3 Nxe1+ 28.
Rxe1 Bf4 29. Qc3 Qe7 30. e5 Qg5+ 31. Kh1 Rac8 32. Qb3 Rc2 33. Be2 Be4+ 0-1

[Event "*** Titled Tuesday Blitz"]
[Site "Chess.com"]
[Date "2020.11.10"]
[Round "1"]
[White "Grieve72"]
[Black "anon102030"]
[Result "0-1"]
[WhiteElo "2375"]
[BlackElo "2729"]
[TimeControl "180+1"]
[EndTime "10:06:34 PST"]
[Termination "anon102030 won by checkmate"]

1. d4 Nf6 2. Bg5 Ne4 3. Bf4 d5 4. e3 e6 5. Bd3 Bd6 6. Ne2 Nf6 7. O-O c5 8. c3 Nc6 9. Nd2 O-O 10. Nf3 Bxf4 11.
Nxf4 Re8 12. Bc2 e5 13. dxe5 Nxe5 14. Nxe5 Rxe5 15. b4 b6 16. a4 Bf5 17. a5 Rc8 18. axb6 axb6 19. Bxf5 Rxf5 20. Qd3 Re5 21. Ra7 g5 22.
Ne2 Ne4 23. Ng3 Qd6 24. Rd1 Nxg3 25. hxg3 cxb4 26. cxb4 Qxb4 27. Qe2 Qe4 28. Qa6 Rc6 29. Rxf7 Qc2 30. Qb7 Qxd1+ 31. Kh2 Rh6# 0-1

[Event "*** Titled Tuesday Blitz"]
[Site "Chess.com"]
[Date "2020.11.10"]
[Round "1"]
[White "Lady_Nika"]
[Black "Rud_Makarian"]
[Result "0-1"]
[WhiteElo "2404"]
[BlackElo "2822"]
[TimeControl "180+1"]
[EndTime "10:06:35 PST"]
[Termination "Rud_Makarian won by checkmate"]

1. d4 Nf6 2. e3 g6 3. Bd3 Bg7 4. f4 b6 5. Nf3 Bb7 6. Nbd2 O-O 7. Qe2 d6 8. O-O c5 9. c3 Nbd7 10. e4 e5 11. fxe5 dxe5 12. d5 Ne8 13. Nc4 b5 14.
Na3 a6 15. Bg5 f6 16. Bh4 Nd6 17. b3 Qa5 18. Nb1 Rae8 19. Be1 f5 20. c4 Qd8 21.
Nbd2 b4 22. Bh4 Bf6 23. Bxf6 Qxf6 24. Rf2 f4 25. Raf1 a5 26. h3 g5 27. Nh2 Qg6 28. Rf3 h5 29. g3 g4 30. hxg4 hxg4 31. R3f2 f3 32. Qe3 Kg7 33. Re1 Rh8 34. Ndf1 Rh3 35. Nxf3 gxf3 36. Rxf3 Reh8 37. Kg2 Qh5 38. Qf2 Bc8 39.
Bc2 Rh1 40. g4 Qh2+ 41. Nxh2 R8xh2+ 42. Kg3 Rxf2 43. Kxf2 Rh2+ 44. Kg3 Rxc2 45. g5 Rxa2 46. Ref1 Nxe4+ 47. Kh4 Rh2+ 48. Kg4 Ndf6# 0-1

[Event "*** Titled Tuesday Blitz"]
[Site "Chess.com"]
[Date "2020.11.10"]
[Round "1"]
[White "A-S-00"]
[Black "Aygehovit1992"]
[Result "0-1"]
[WhiteElo "2343"]
[BlackElo "2674"]
[TimeControl "180+1"]
[EndTime "10:06:35 PST"]
[Termination "Aygehovit1992 won by resignation"]

1. e4 c5 2. Nf3 d6 3. d4 cxd4 4.
Nxd4 Nf6 5. Nc3 g6 6. Be3 Nc6 7. f3 h5 8. Qd2 Nxd4 9. Qxd4 Bg7 10. Qd2 Bd7 11. Bc4 Rc8 12. Bb3 Qa5 13. O-O-O O-O 14. Kb1 Rfe8 15. h3 h4 16. Bf2 Rxc3 17. Qxc3 Qxc3 18. bxc3 g5 19. Bxa7 Nh5 20. Bd4 Nf4 21.
Bxg7 Kxg7 22. Rd2 Rc8 23. Kb2 Kf6 24. Re1 Rc5 25. a4 Ra5 26. e5+ Rxe5 27. Rxe5 Kxe5 28. Bxf7 Bxa4 29. Bb3 Bc6 30. c4 Ne6 31. Kc3 Kf4 32. Kd3 Kg3 33. Ke3 Nf4 34. c5 dxc5 35. Bf7 Nxg2+ 36. Ke2 Nf4+ 37. Ke3 Nxh3 38. Be6 Nf4 39. Bg4 h3 40. Bxh3 Nxh3 41. Rd8 Bxf3 42. Re8 Nf4 43.
Rxe7 Nd5+ 0-1

[Event "*** Titled Tuesday Blitz"]
[Site "Chess.com"]
[Date "2020.11.10"]
[Round "1"]
[White "Ladislav1969"]
[Black "Roman_Ovetchkin"]
[Result "0-1"]
[WhiteElo "2281"]
[BlackElo "2604"]
[TimeControl "180+1"]
[EndTime "10:06:35 PST"]
[Termination "Roman_Ovetchkin won on time"]

1. e4 c6 2. d4 d5 3. e5 Bf5 4.
Nd2 e6 5. Nb3 c5 6. Nxc5 Bxc5 7.
dxc5 Qa5+ 8. c3 Qxc5 9. Nf3 Ne7 10. Nd4 Nbc6 11. Nxf5 Nxf5 12. Bd3 Nxe5 13. Bxf5 exf5 14. Be3 Qc4 15. Bd4 Nc6 16. b3 Qa6 17. Bxg7 Rg8 18.
Bf6 Rg6 19. Bh4 Re6+ 20. Kd2 d4 21. Re1 dxc3+ 22. Kxc3 Ne5 23. Qd5 Rc8+ 24. Kb2 Nd3+ 0-1

[Event "*** Titled Tuesday Blitz"]
[Site "Chess.com"]
[Date "2020.11.10"]
[Round "1"]
[White "sokidze"]
[Black "Ashedu66"]
[Result "1-0"]
[WhiteElo "2568"]
[BlackElo "2236"]
[TimeControl "180+1"]
[EndTime "10:06:35 PST"]
[Termination "sokidze won on time"]

1. e4 e5 2. Nf3 Nc6 3. Bb5 Nge7 4. O-O g6 5. c3 Bg7 6. d4 exd4 7. cxd4 d5 8. exd5 Nxd5 9. Re1+ Be6 10. Bxc6+ bxc6 11. Ne5 Qd6 12. Nd2 O-O 13. Ne4 Qb4 14. Nc5 Rfe8 15. Nxc6 Qb6 16. Nxe6 Rxe6 17. Rxe6 fxe6 18. Ne5 Rd8 19. Bg5 Bf6 20. Qd2 Kg7 21. Rc1 Bxg5 22. Qxg5 Re8 23. Qd2 Re7 24. b3 Qb4 25. Qd3 Qb6 26.
h4 1-0

[Event "*** Titled Tuesday Blitz"]
[Site "Chess.com"]
[Date "2020.11.10"]
[Round "1"]
[White "MIJuanReyesRosa"]
[Black "WPWPWP-2015"]
[Result "0-1"]
[WhiteElo "2142"]
[BlackElo "2527"]
[TimeControl "180+1"]
[EndTime "10:06:35 PST"]
[Termination "WPWPWP-2015 won on time"]

1. d4 Nf6 2. Nf3 d5 3. c4 c6 4. Nc3 e6 5. e3 Nbd7 6. Bd3 Bd6 7. O-O dxc4 8. Bxc4 b5 9. Bd3 O-O 10. Qc2 Bb7 11. e4 e5 12. a3 Rc8 13. Qe2 exd4 14.
Nxd4 Ne5 15. Bc2 Neg4 16. h3 Ne5 17. Bg5 h6 18. Bh4 Ng6 19. Bxf6 Qxf6 20. Rad1 Rfe8 21. Nf5 Be5 22. Rd7 Rb8 23. Bb3 Rf8 24. Qg4 Bc8 25.
Rfd1 Bxd7 26. Rxd7 Bxc3 27. bxc3 Ne5 28. Ne7+ Kh8 29.
Qg3 Nxd7 0-1

[Event "*** Titled Tuesday Blitz"]
[Site "Chess.com"]
[Date "2020.11.10"]
[Round "1"]
[White "picturesquecheck"]
[Black "Chessdreamer2020"]
[Result "0-1"]
[WhiteElo "2104"]
[BlackElo "2514"]
[TimeControl "180+1"]
[EndTime "10:06:35 PST"]
[Termination "Chessdreamer2020 won by checkmate"]

1. e4 d6 2. d4 Nf6 3. Nc3 e5 4. Nf3 Nbd7 5. Bc4 Be7 6. a4 O-O 7. O-O a5 8. h3 c6 9. Bb3 h6 10. Re1 Re8 11. Be3 Bf8 12. Nd2 Qc7 13. Qf3 g6 14. Rad1 Bg7 15. d5 Nc5 16. Nc4 Nxb3 17. cxb3 c5 18. Nb5 Qd8 19. Ncxd6 Rf8 20. Bxc5 Nd7 21. Ba3 b6 22. Nxc8 Rxc8 23. Bxf8 Bxf8 24.
Nd6 Bxd6 25. Rc1 Bc5 26. Rc2 Rb8 27. Rec1 Qe7 28. Kh1 Kg7 29. g3 Nf6 30. Kg2 Ne8 31. Qc3 Nd6 32. Re2 Kh7 33. Qd3 Rf8 34. f4 f6 35. Rf1 Kg7 36. h4 Qd7 37. Qf3 Nf7 38.
f5 h5 39. fxg6 Kxg6 40. Qd3 Nh6 41. Rf3 Ng4 42. Re1 Qg7 43. Ref1 Qh6 44. Kh1 Rf7 45. Qb5 Qd2 46. Qc6 Qh2# 0-1

[Event "*** Titled Tuesday Blitz"]
[Site "Chess.com"]
[Date "2020.11.10"]
[Round "1"]
[White "VitaliyBernadskiy"]
[Black "yobdc"]
[Result "1-0"]
[WhiteElo "2747"]
[BlackElo "2390"]
[TimeControl "180+1"]
[EndTime "10:06:37 PST"]
[Termination "VitaliyBernadskiy won by checkmate"]

1. e4 d5 2. exd5 Qxd5 3. Nc3 Qd6 4. Nf3 c6 5. g3 Nf6 6. Bg2 Bg4 7. h3 Bh5 8. O-O e6 9. d4 Be7 10. Ne2 O-O 11. Nf4 Bxf3 12. Bxf3 Nbd7 13. Bg2 Rad8 14. c3 Qc7 15. Qe2 Rfe8 16. Re1 Bf8 17. Nd3 Nd5 18. Bd2 h6 19. c4 N5f6 20. b3 c5 21. Bc3 cxd4 22.
Bxd4 b6 23. Rad1 Nc5 24. Bxf6 gxf6 25. Nf4 f5 26. Nh5 Bg7 27. g4 Rxd1 28. Rxd1 Rd8 29. Rxd8+ Qxd8 30. gxf5 exf5 31. Nxg7 Kxg7 32. b4 Ne6 33. c5 bxc5 34. bxc5 Qd4 35. c6 Kf6 36. Qh5 Qa1+ 37. Bf1 Qc1 38. h4 Nd4 39. c7 Qxc7 40.
Qxh6+ Ke7 41. Qg5+ Ke6 42. Qe3+ Qe5 43. Bc4+ Kf6 44. Qg5# 1-0

[Event "*** Titled Tuesday Blitz"]
[Site "Chess.com"]
[Date "2020.11.10"]
[Round "1"]
[White "Smile2005"]
[Black "Bulldog167"]
[Result "0-1"]
[WhiteElo "2387"]
[BlackElo "2741"]
[TimeControl "180+1"]
[EndTime "10:06:37 PST"]
[Termination "Bulldog167 won by resignation"]

1. Nf3 g6 2. g3 Bg7 3. Bg2 e5 4. O-O Nc6 5. d3 d6 6. c4 Nf6 7. Nc3 O-O 8. Rb1 a5 9. a3 h6 10.
b4 axb4 11. axb4 Be6 12. b5 Ne7 13. Nd2 Rb8 14. e4 Nd7 15. Nd5 f5 16. exf5 Nxf5 17.
Ne4 c6 18. bxc6 bxc6 19. Rxb8 Qxb8 20. Ne3 Nd4 21. Ba3 c5 22. Nc2 Kh8 23. Nxd4 exd4 24. Qe2 Ne5 25. f4 Bg4 26. Qc2 Nf7 27. Rb1 Qc7 28.
Nf2 Bc8 29. Be4 g5 30. Bc1 gxf4 31. Bxf4 Be5 32. Bxe5+ Nxe5 33. Qe2 Qg7 34. Rb6 Qf6 35. Qd2 Ng4 36. Rxd6 Qxd6 37. Nxg4 Bxg4 0-1

[Event "*** Titled Tuesday Blitz"]
[Site "Chess.com"]
[Date "2020.11.10"]
[Round "1"]
[White "eljanov"]
[Black "aridannie"]
[Result "1-0"]
[WhiteElo "2825"]
[BlackElo "2406"]
[TimeControl "180+1"]
[EndTime "10:06:38 PST"]
[Termination "eljanov won by resignation"]

1. e4 c5 2. Nf3 Nc6 3. Bb5 g6 4.
Bxc6 dxc6 5. d3 Bg7 6. Nc3 e5 7. Be3 b6 8. Qd2 Qc7 9. O-O Nf6 10. Bh6 O-O 11. Bxg7 Kxg7 12. h3 h6 13. Ne2 Be6 14. b3 Kh7 15. Nh2 Nh5 16. f4 exf4 17.
Nxf4 Nxf4 18. Rxf4 Qe5 19. Raf1 Kg7 20. Nf3 Qb2 21. e5 Rad8 22. Rf2 Bd5 23. Rh4 h5 24. Rxh5 Rh8 25. Rxh8 Rxh8 26. Qf4 Re8 27. Qf6+ Kg8 28.
c4 Bxf3 29. Rxb2 1-0

[Event "*** Titled Tuesday Blitz"]
[Site "Chess.com"]
[Date "2020.11.10"]
[Round "1"]
[White "Klavdia_Nik"]
[Black "biostatistician"]
[Result "0-1"]
[WhiteElo "2120"]
[BlackElo "2520"]
[TimeControl "180+1"]
[EndTime "10:06:38 PST"]
[Termination "biostatistician won by resignation"]

1. Nf3 Nf6 2. c4 g6 3. b3 Bg7 4.
Bb2 b6 5. g3 Bb7 6. Bg2 O-O 7.
O-O d6 8. d4 Nbd7 9. d5 c6 10.
dxc6 Bxc6 11. Nc3 Qc8 12. Rc1 Qb7 13. Qd2 Rac8 14. Rfd1 Ne4 15. Nxe4 Bxe4 16. Bxg7 Kxg7 17. Qd4+ Nf6 18. h4 Rc5 19. Qb2 Rfc8 20. h5 Rxh5 21. g4 Rhc5 22. Nh4 Bxg2 23. Nxg2 Kg8 24. Ne3 h5 25.
gxh5 Rxh5 26. Ng2 Rcc5 27. Rd3 Rcg5 28. Rg3 Rxg3 29. fxg3 Ne4 30. Qd4 Nxg3 31. Kf2 Rf5+ 32. Kxg3 Rg5+ 33. Kf2 Qxg2+ 34. Ke3 Re5+ 35. Kd3 Qxe2+ 36.
Kc3 0-1

[Event "*** Titled Tuesday Blitz"]
[Site "Chess.com"]
[Date "2020.11.10"]
[Round "1"]
[White "Misticpikachu"]
[Black "Sven_Tica"]
[Result "0-1"]
[WhiteElo "2354"]
[BlackElo "2701"]
[TimeControl "180+1"]
[EndTime "10:06:39 PST"]
[Termination "Sven_Tica won by checkmate"]

1. c4 e6 2. Nf3 d5 3. e3 Nf6 4. Nc3 a6 5. b3 b6 6. Bb2 Bb7 7.
cxd5 exd5 8. Rc1 Nbd7 9. d4 Bd6 10. Bd3 O-O 11. O-O Re8 12. Re1 Ne4 13. Bxe4 dxe4 14.
Nd2 Qh4 15. g3 Qh3 16. Qe2 Re6 17. Qf1 Qh5 18. Qg2 Rae8 19. Red1 Nf6 20. Nc4 Bb4 21. Ne5 b5 22. a3 Bd6 23. Ne2 Qxe2 24. Bc3 Nd5 25.
Be1 Bxe5 26. dxe5 Rxe5 27. Rd4 Qh5 28. Ba5 Bc8 29. h4 Bg4 30. Rc5 Bf3 31. Qh3 h6 32.
Qd7 Nf6 33. Rxe5 Qxe5 34. Qxc7 Qf5 35. Qc1 Rc8 36. Rd8+ Rxd8 37. Bxd8 Qh3 38. Qf1 Qxf1+ 39. Kxf1 Nd5 40. Ke1 Kf8 41. Kd2 Ke8 42. Ba5 Kd7 43. Kc2 Ke6 44. Kd2 Kf5 45. Bd8 Kg4 46. Ba5 Kh3 47. Ke1 Kg2 48. Bd2 g6 49. a4 h5 50.
axb5 axb5 51. b4 Nf6 52. Bc3 Ng4 53. Bd2 Nxf2 54. g4 Nd3# 0-1

[Event "*** Titled Tuesday Blitz"]
[Site "Chess.com"]
[Date "2020.11.10"]
[Round "1"]
[White "FormerProdigy"]
[Black "markberk"]
[Result "1-0"]
[WhiteElo "2855"]
[BlackElo "2427"]
[TimeControl "180+1"]
[EndTime "10:06:41 PST"]
[Termination "FormerProdigy won on time"]

1. Nf3 d5 2. c4 d4 3. e3 Nc6 4. b4 dxe3 5. fxe3 Nxb4 6. Nc3 Nf6 7.
d4 e6 8. a3 Nc6 9. Bd3 Be7 10. O-O O-O 11. Bb2 Bd7 12. Kh1 Be8 13. Qc2 h6 14. Rad1 Ng4 15. Qe2 Bg5 16. Nxg5 Qxg5 17.
Ne4 Qh4 18. h3 f5 19. Nc5 Bh5 20. Kg1 Nf6 21. Qe1 Qg5 22. Nxe6 Qg6 23. Bxf5 Qe8 24.
Nxf8 Bxd1 25. Ne6 1-0

[Event "*** Titled Tuesday Blitz"]
[Site "Chess.com"]
[Date "2020.11.10"]
[Round "1"]
[White "PaulfromSPb"]
[Black "Kotofeyca"]
[Result "1-0"]
[WhiteElo "2707"]
[BlackElo "2362"]
[TimeControl "180+1"]
[EndTime "10:06:41 PST"]
[Termination "PaulfromSPb won by resignation"]

1. d4 d5 2. Bf4 c6 3. e3 Bf5 4. Bd3 Bxd3 5. Qxd3 e6 6. Nd2 Bd6 7. Bg3 Nf6 8. f4 O-O 9. Ngf3 c5 10. c3 Nc6 11. O-O a6 12. Ne5 Rc8 13.
Rae1 b5 14. Bh4 Be7 15. f5 Nd7 16. Nxc6 Rxc6 17. Bg3 Nf6 18. h3 c4 19. Qe2 b4 20.
e4 bxc3 21. bxc3 exf5 22. Rxf5 Nxe4 23. Nxe4 dxe4 24. Qxe4 Re6 25. Re5 Rxe5 26. Bxe5 Ba3 27. Qc6 Qc8 28. Qa4 Bb2 29. Qc2 Ba3 30. Rb1 Qc6 31. Bg3 Re8 32. Rd1 Re3 33. Bf2 Re8 34.
d5 Qd6 35. Qa4 Rc8 36. Kh1 g6 37. Bd4 Bc5 38. Qxc4 Rc7 39. Bxc5 Rxc5 40. Qd4 Ra5 41. Rd2 Rb5 42. c4 Rb1+ 43. Rd1 Rb4 44. Qd3 Qc5 45. d6 Rb8 46. d7 Rd8 47. Qd5 Qxd5 48. Rxd5 Kf8 49.
c5 Ke7 50. c6 1-0

[Event "*** Titled Tuesday Blitz"]
[Site "Chess.com"]
[Date "2020.11.10"]
[Round "1"]
[White "Harry_Rakkel"]
[Black "rugbyclub"]
[Result "1-0"]
[WhiteElo "2563"]
[BlackElo "2229"]
[TimeControl "180+1"]
[EndTime "10:06:43 PST"]
[Termination "Harry_Rakkel won by checkmate"]

1. e4 e6 2. d3 c5 3. g3 Nc6 4. Bg2 g6 5. f4 Bg7 6. Nf3 Nge7 7.
O-O d6 8. c3 O-O 9. Na3 Rb8 10. Nc2 b6 11. d4 Ba6 12. Re1 d5 13.
e5 Bc8 14. Be3 c4 15. g4 b5 16. a3 a5 17. Qd2 Bd7 18. Qf2 Qb6 19. Bd2 Rfe8 20.
Kh1 Bf8 21. Qh4 Bg7 22. Re3 Rb7 23. Rf1 b4 24. axb4 axb4 25. cxb4 Na7 26. Ng5 h6 27. Rh3 Ba4 28. f5 gxf5 29. Nxf7 Kxf7 30. Bxh6 Rh8 31. Qh5+ Kg8 32. Qg5 Rh7 33. gxf5 Nxf5 34. Rxf5 Bxc2 35.
Rf6 Qxd4 36. Rf4 Qxe5 37. Qd8+ Bf8 38. Qxf8# 1-0

[Event "*** Titled Tuesday Blitz"]
[Site "Chess.com"]
[Date "2020.11.10"]
[Round "1"]
[White "joppie2"]
[Black "petrkostenko"]
[Result "1-0"]
[WhiteElo "2956"]
[BlackElo "2461"]
[TimeControl "180+1"]
[EndTime "10:06:44 PST"]
[Termination "joppie2 won by resignation"]

1. e4 e6 2. d4 d5 3. Nc3 Nf6 4. Bg5 Bb4 5. e5 h6 6. Bd2 Bxc3 7. bxc3 Ne4 8. Bc1 c5 9. Ne2 cxd4 10. cxd4 Nc6 11. f3 Qa5+ 12. c3 Nxc3 13. Qd2 Nxe2 14. Qxa5 Nxa5 15. Bxe2 Bd7 16. Bd2 Nc4 17. Bxc4 dxc4 18.
Bb4 Bc6 19. Kd2 Kd7 20. Kc3 Rhc8 21. a4 b6 22. a5 b5 23. Bc5 Bd5 24. a6 Rxc5 25.
dxc5 Kc6 26. Kb4 Rf8 27. Ra5 Rb8 28. Rd1 f6 29. exf6 gxf6 30. Rd4 f5 31. Rh4 Rg8 32.
g3 c3 33. Ra3 Bxf3 34. Rxc3 Bd5 35. Rd3 Rg6 36. Rdd4 e5 37. Rd2 e4 38. Rf4 Rg5 39. Rdf2 Be6 40. Rf1 h5 41. R1f2 Bd7 42. Rd2 Rg6 43.
Rh4 Rh6 44. Rf4 Rg6 45. Rd4 Rh6 46. Rf1 Bc8 47. Rfd1 e3 48. Rd6+ Rxd6 49. Rxd6+ Kc7 50. Rd3 Bxa6 51. Rxe3 Bc8 52. Kxb5 Bd7+ 53. Kc4 Kc6 54. Ra3 Be6+ 55. Kd4 Kb7 56. Ke5 Bd7 57. Kd6 1-0

[Event "*** Titled Tuesday Blitz"]
[Site "Chess.com"]
[Date "2020.11.10"]
[Round "1"]
[White "mjray79"]
[Black "TurboSteen"]
[Result "1-0"]
[WhiteElo "2503"]
[BlackElo "2017"]
[TimeControl "180+1"]
[EndTime "10:06:44 PST"]
[Termination "mjray79 won on time"]

1. d4 Nf6 2. c4 g6 3. Nc3 d5 4. cxd5 Nxd5 5. e4 Nxc3 6. bxc3 Bg7 7. Bc4 c5 8. Be3 O-O 9. Ne2 Nc6 10. O-O e6 11. e5 Na5 12. Bd3 b6 13. Ng3 Qc7 14. Ne4 Bb7 15. Nd6 cxd4 16. cxd4 Bd5 17. Rc1 Qd7 18.
Bb5 Qe7 19. Qd2 Nb7 20. Bg5 f6 21. exf6 Bxf6 22. Bxf6 Rxf6 23. Nxb7 Qxb7 24. f3 Raf8 25. Rc3 a6 26. Be2 b5 27. Rfc1 R6f7 28. Qe3 b4 29.
Rc5 Bxa2 30. Rc6 Bd5 31. Rxa6 b3 32. Rb1 Rc7 33. Rxe6 b2 34. Ba6 Qa7 35. Rxb2 Bxe6 36. Qxe6+ Rff7 37. Rb4 Rc1+ 38. Kf2 Kg7 39. Qe5+ 1-0

[Event "*** Titled Tuesday Blitz"]
[Site "Chess.com"]
[Date "2020.11.10"]
[Round "1"]
[White "hypert"]
[Black "Anton_Demchenko"]
[Result "1-0"]
[WhiteElo "2451"]
[BlackElo "2831"]
[TimeControl "180+1"]
[EndTime "10:06:47 PST"]
[Termination "hypert won on time"]

1. e4 e5 2. Nf3 Nc6 3. Bb5 g6 4. O-O Bg7 5. c3 a6 6. Ba4 d6 7.
d4 Bd7 8. d5 Nce7 9. Bxd7+ Qxd7 10. c4 h6 11. Nc3 f5 12. b4 Nf6 13. Nd2 O-O 14. f3 c6 15. Qb3 cxd5 16. cxd5 Rac8 17. a4 g5 18. Bb2 g4 19. exf5 Nxf5 20. Nce4 Nd4 21.
Bxd4 exd4 22. Rae1 Nxe4 23. Nxe4 Be5 24. g3 gxf3 25.
Rxf3 Qg4 26. Kg2 Rc2+ 27. Nf2 Rxf3 28. Qxf3 Qxf3+ 29. Kxf3 Rc3+ 30. Ke4 Ra3 31. Nd3 Rxa4 32. Nxe5 dxe5 33. Kxe5 d3 34. Rd1 Rxb4 35. Rxd3 Kf7 36.
Kd6 Ke8 37. Kc7 Rc4+ 38. Kd6 a5 39. Re3+ Kd8 40. Rf3 Ke8 41. Re3+ Kd8 42. Re6 b5 43.
Rxh6 Ke8 44. Rh8+ Kf7 45. Ra8 a4 46. Ke5 Rc1 47. Ra7+ Ke8 48. d6 Re1+ 49. Kd5 1-0

[Event "*** Titled Tuesday Blitz"]
[Site "Chess.com"]
[Date "2020.11.10"]
[Round "1"]
[White "barbara25"]
[Black "Ermito2020"]
[Result "0-1"]
[WhiteElo "2274"]
[BlackElo "2596"]
[TimeControl "180+1"]
[EndTime "10:06:49 PST"]
[Termination "Ermito2020 won by resignation"]

1. e4 c5 2. Nf3 Nf6 3. Nc3 d5 4. exd5 Nxd5 5. d4 Nxc3 6. bxc3 g6 7. Bd3 Bg7 8. O-O O-O 9. Re1 Nc6 10. Be3 cxd4 11. cxd4 Bg4 12. c3 e5 13. Be2 exd4 14. cxd4 Bxf3 15. Bxf3 Bxd4 16. Bxd4 Nxd4 17. Bxb7 Rb8 18.
Be4 Rb2 19. Qd3 Qf6 20. Rf1 Ne2+ 21. Kh1 Rd8 22. Qa3 Rdd2 23. Qxa7 Nc3 24. Bf3 Kg7 25.
a4 g5 26. h3 h5 27. Bxh5 Ne4 28. Kh2 Qf4+ 29. Kg1 Nxf2 30. Qa8 Nxh3+ 31. Kh1 Nf2+ 32. Kg1 Qh4 33. Rxf2 Qxf2+ 34. Kh1 Qh4+ 35. Kg1 Qxh5 36. Rf1 0-1

[Event "*** Titled Tuesday Blitz"]
[Site "Chess.com"]
[Date "2020.11.10"]
[Round "1"]
[White "Semetey"]
[Black "Shushik"]
[Result "1-0"]
[WhiteElo "2568"]
[BlackElo "2236"]
[TimeControl "180+1"]
[EndTime "10:06:49 PST"]
[Termination "Semetey won by resignation"]

1. e4 e5 2. Nc3 Nf6 3. Bc4 Nc6 4. d3 Bb4 5. Bd2 Bxc3 6. bxc3 d5 7. exd5 Nxd5 8. Ne2 O-O 9. O-O Be6 10. Rb1 Rb8 11. Bb3 Qe7 12. f4 Nxf4 13. Nxf4 exf4 14. Rxf4 Bxb3 15. axb3 Rfe8 16. Rf2 Rbd8 17. Qh5 Rd6 18. Rbf1 f6 19. Rf3 Re6 20. Rh3 g6 21. Qd5 Qd6 22. Qb5 b6 23. d4 Ne7 24. Bf4 Qd8 25. Qc4 Nd5 26. Bh6 Qd7 27. Rhf3 b5 28. Qc5 Qd6 29.
Qxa7 Qb6 30. Qxb6 Rxb6 31. c4 bxc4 32. bxc4 Nb4 33. c3 Nc6 34. Rxf6 Na5 35. Rf8+ 1-0

[Event "*** Titled Tuesday Blitz"]
[Site "Chess.com"]
[Date "2020.11.10"]
[Round "1"]
[White "JiiHart"]
[Black "ehrenfeld"]
[Result "0-1"]
[WhiteElo "2080"]
[BlackElo "2511"]
[TimeControl "180+1"]
[EndTime "10:06:49 PST"]
[Termination "ehrenfeld won on time"]

1. e4 d6 2. d4 g6 3. Nc3 Bg7 4. Be3 a6 5. Be2 b5 6. a3 Bb7 7.
g4 Nd7 8. h4 Ngf6 9. f3 h5 10.
g5 Ng8 11. Qd2 e6 12. Nh3 Ne7 13. O-O O-O 14. f4 d5 15. Bf3 dxe4 16. Nxe4 Bd5 17.
Bf2 Nf5 18. Rad1 Qe7 19. Qb4 Rfe8 20. Qxe7 Rxe7 21. b3 Nb6 22. Rfe1 Rd7 23. Bg2 Rad8 24. Kf1 a5 25. Ng1 a4 26. b4 Nc4 27. Nc5 Re7 28. Bxd5 Rxd5 29. Rd3 c6 30. Nf3 Re8 31.
Ne5 Bxe5 32. dxe5 Red8 33. Rxd5 Rxd5 34. Nd3 Nxa3 35. Rc1 Nc4 36. Ke2 Kf8 37. Be1 Ke7 38.
Bd2 Nd4+ 0-1